 Dungeon Crawl Stone Soup version 0.31-a0-1009-g454b1f1e0a (webtiles) character file.

Game seed: 14933343425882471224

22421 Gumption the Summoner (level 12, -2/59 HPs)
             Began as a Deep Elf Summoner on Nov 16, 2023.
             Was an Initiate of Gozag.
             Slain by a seven-headed hydra (4 damage)
             ... on level 4 of the Lair of Beasts.
             The game lasted 02:06:55 (14498 turns).

Gumption the Summoner (Deep Elf Summoner)          Turns: 14498, Time: 02:06:56

Health: -2/59      AC: 13    Str:  5    XL:     12   Next: 62%
Magic:  25/28      EV: 15    Int: 26    God:    Gozag
Gold:   2440       SH:  8    Dex: 15    Spells: 12/31 levels left

rFire   . . .        a - +2 short sword (elec)
rCold   . . .        s - +2 buckler
rNeg    . . .        d - +0 leather armour
rPois   .            A - +2 helmet
rElec   .            S - +0 cloak
rCorr   .            i - +0 pair of gloves
SInv    .            Z - +0 pair of boots
Will    ++...        p - amulet of the acrobat
Stlth   ++++         R - +4 ring of protection
HPRegen 0.29/turn    W - ring of willpower
MPRegen 0.21/turn

%: acrobat
@: lethally poisoned (-2 -> -10)
A: no striking features
a: Renounce Religion, Potion Petition, Call Merchant, Bribe Branch


You were on level 4 of the Lair of Beasts.
You worshipped Gozag.
Gozag was most pleased with you.
You visited 3 branches of the dungeon, and saw 15 of its levels.
You also visited: Ossuary.

You collected 2529 gold pieces.
You paid 89 gold pieces to Gozag.

Inventory:

Hand Weapons
 a - a +2 short sword of electrocution (weapon)
 K - a +5 dagger of speed
Missiles
 z - 7 boomerangs
 B - 23 poisoned darts
 U - 3 curare-tipped darts (quivered)
Armour
 d - a +0 leather armour (worn)
 i - a +0 pair of gloves (worn)
 s - a +2 buckler (worn)
 A - a +2 helmet (worn)
 S - a +0 cloak (worn)
 Z - a +0 pair of boots (worn)
Magical Staves
 h - a staff of air
 t - a staff of death
Jewellery
 g - a +6 ring of intelligence
 p - an amulet of the acrobat (around neck)
 x - a +5 ring of evasion
 R - a +4 ring of protection (left hand)
 W - a ring of willpower (right hand)
Wands
 v - a wand of quicksilver (20)
 w - a wand of mindburst (23)
 J - a wand of paralysis (11)
 P - a wand of digging (3)
 Y - a wand of roots (5)
Scrolls
 j - 8 scrolls of teleportation
 k - 6 scrolls of enchant weapon
 q - 3 scrolls of revelation
 r - a scroll of immolation
 y - a scroll of fear
 E - 2 scrolls of enchant armour
 G - 2 scrolls of poison
 I - 2 scrolls of fog
 M - 2 scrolls of brand weapon
 N - a scroll of silence
 O - 2 scrolls of amnesia
 Q - a scroll of blinking {unknown}
Potions
 b - 3 potions of magic
 c - 2 potions of invisibility
 l - a potion of attraction
 m - a potion of cancellation
 n - 14 potions of curing
 o - 2 potions of lignification
 u - 2 potions of heal wounds
 C - 3 potions of haste
 D - 4 potions of berserk rage
 F - 2 potions of resistance
 H - 6 potions of brilliance
 L - 3 potions of might
 V - 2 potions of enlightenment {unknown}
 X - a potion of mutation {unknown}


   Skills:
 - Level 10.0 Dodging
 - Level 10.0 Stealth
 * Level 7.7 Shields
 - Level 10.0 Spellcasting
 + Level 12.9 Summonings
 + Level 8.8 Necromancy
 - Level 5.0 Air Magic


You had 12 spell levels left.
You knew the following spells:

 Your Spells              Type           Power      Damage    Failure   Level
a - Haunt                 Necr/Summ      31%        N/A       75%         7
b - Call Imp              Summ           100%       N/A       1%          2
c - Call Canine Familiar  Summ           69%        N/A       1%          3
d - Summon Guardian Gole  Hex/Summ       46%        N/A       2%          3
e - Summon Lightning Spi  Summ/Air       56%        N/A       3%          4

Your spell library contained the following spells:

 Spells                   Type           Power      Damage    Failure   Level
 Summon Small Mammal      Summ           100%       N/A       1%          1
 Poisonous Vapours        Pois/Air       52%        N/A       6%          2
 Summon Ice Beast         Ice/Summ       46%        N/A       9%          4
 Freeze                   Ice            52%        1d6       12%         1
 Sting                    Tmut/Pois      52%        1d5       12%         1
 Frozen Ramparts          Ice            26%        1d4       34%         3
 Hailstorm                Conj/Ice       13%        3d5       34%         3
 Ozocubu's Armour         Ice            13%        N/A       34%         3
 Borgnjor's Vile Clutch   Necr/Erth      18%        N/A       47%         5
 Olgreb's Toxic Radiance  Pois           13%        N/A       75%         4
 Freezing Cloud           Conj/Ice/Air   10%        6-21      86%         5
 Alistair's Intoxication  Tmut/Pois      8%         N/A       97%         5
 Metabolic Englaciation   Hex/Ice        6%         N/A       97%         5
 Eringya's Noxious Bog    Tmut/Pois      6%         4d6       100%        6
 Infestation              Necr           28%        N/A       100%        8
 Chain Lightning          Conj/Air       13%        3d17      100%        9
 Fire Storm               Conj/Fire      6%         8d2       100%        9
 Shatter                  Erth           6%         3d9*      100%        9
 Animate Dead             Necr           Unusable   N/A       N/A         4
 Simulacrum               Ice/Necr       Unusable   N/A       N/A         6

Dungeon Overview and Level Annotations

Branches:
Dungeon (10/15)            Temple (1/1) D:6            Lair (4/5) D:9
  Swamp (0/4) Lair:2        Snake (0/4) Lair:3          Orc (0/2) D:10
Ossuary (visited)
  Slime: Lair:4-5

Altars:
Ashenzari
Cheibriados
Dithmenos
Elyvilon
Fedhas
Gozag
Hepliaklqana
Kikubaaqudgha
Makhleb
Nemelex Xobeh
Okawaru
Qazlal
Ru
Sif Muna
Trog
Uskayaw
Vehumet
Wu Jian
Xom
Yredelemnul
Zin
The Shining One

Shops:
D:6 *   D:9 (


Message History

There is a stone staircase leading down here.
You climb downwards.
The cane toad gives a loud, deep croak!
The seven-headed hydra roars!
There is a stone staircase leading up here.
Casting: Summon Lightning Spire (dangerous; 3% risk of failure)
Confirm with . or Enter, or press ? or * to list all spells.
An electric hum fills the air.
A bullfrog comes into view.
You hit the cane toad but do no damage. You block the cane toad's attack.
The cane toad stings you.
You hit the cane toad but do no damage.
Lightning courses through the cane toad!
The cane toad is moderately wounded.
The cane toad stings you!
You closely miss the cane toad.
The cane toad is moderately wounded.
The bullfrog hits you but does no damage.
The cane toad stings you!
* * * LOW HITPOINT WARNING * * *
You are poisoned.
The cane toad poisons you!
The bullfrog hits you but does no damage.
You closely miss the bullfrog.
You feel very sick. The bullfrog misses you. The cane toad barely misses you.
The bullfrog hits you but does no damage.
You closely miss the bullfrog.
You feel very sick. The bullfrog hits you.
* * * LOW HITPOINT WARNING * * *
The seven-headed hydra closely misses you.
The seven-headed hydra bites you!
* * * LOW HITPOINT WARNING * * *
The seven-headed hydra bites you.
* * * LOW HITPOINT WARNING * * *
The seven-headed hydra bites you but does no damage.
You block the seven-headed hydra's attack.
The seven-headed hydra bites you.
You die...
Your body crumbles into a pile of gold.

...... .#.
...... ..
#.D... #..
#.....##..#
#.......#.#
..........##
.......F...#
##...##D8P##
#. #@F.##
###.# .# ..
.F. ... ....


You could see a seven-headed hydra, a cane toad, a bullfrog (ally target) and a
friendly lightning spire (summoned).

Vanquished Creatures
  Sonja (D:10)
  A komodo dragon (Lair:3)
  2 blink frogs (Lair:2)
  Grinder (D:3)
  A yak (Lair:1)
  2 steam dragons
  2 water moccasins
  A black bear (D:7)
  4 wolves
  3 bullfrogs
  A howler monkey (D:4)
  An orc wizard (D:8)
  A nameless horror (Lair:1)
  A howler monkey zombie (Ossuary)
  An adder (D:3)
  An orc (D:10)
  An endoplasm (D:4)
  A giant cockroach (D:4)
  2 quokkas (D:2)
  A rat (D:3)
29 creatures vanquished.

Vanquished Creatures (collateral kills)
  Rupert (Lair:3)
  A hydra (Lair:2)
  A bog body (Lair:2)
  A cyclops (D:7)
  A salamander (Lair:3)
  2 black mambas (Lair:3)
  Joseph (D:8)
  2 cane toads
  2 komodo dragons
  2 rime drakes
  3 trolls (D:10)
  A polar bear (Lair:3)
  11 blink frogs
  Eustachio (D:5)
  3 wyverns
  A nameless horror (D:10)
  18 yaks
  3 basilisks
  A steam dragon (D:10)
  2 acid dragons (D:9)
  3 water moccasins (Lair:3)
  A hornet zombie (Ossuary)
  2 black bears
  8 orc warriors
  3 ice beasts
  A sky beast (D:8)
  3 ogres
  13 wolves
  3 centaurs
  4 kobold brigands
  3 gnoll sergeants
  13 bullfrogs
  A cane toad simulacrum (Lair:3)
  A wyvern zombie (Ossuary)
  3 scorpions
  5 wights (D:7)
  5 killer bees (D:9)
  An elephant simulacrum (Lair:3)
  4 lava snakes (Lair:3)
  5 bullfrog zombies (Ossuary)
  2 centaur zombies (Ossuary)
  7 orc priests
  2 hounds
  5 jellies
  A sleepcap (D:7)
  3 iguanas
  6 orc wizards
  A polar bear simulacrum (Lair:3)
  A wolf simulacrum (Lair:3)
  2 howler monkey zombies (Ossuary)
  16 mummies
  12 gnolls
  10 adders
  A white imp (D:5)
  2 worms (D:2)
  3 dart slugs
  35 orcs
  4 ball pythons
  6 endoplasms
  4 giant cockroaches
  3 hobgoblins (D:1)
  9 kobolds
  3 quokkas
  2 bats (D:2)
  5 frilled lizards
  6 goblins
  2 butterflies (D:7)
293 creatures vanquished.

Vanquished Creatures (others)
  A water moccasin (D:7)
  An iguana (D:7)
  An orc (D:7)
3 creatures vanquished.

Grand Total: 325 creatures vanquished

Notes
Turn   | Place    | Note
-------+----------+-------------------------------------------
     0 | D:1      | Gumption the Deep Elf Summoner began the quest for the Orb.
     0 | D:1      | Reached XP level 1. HP: 10/10 MP: 6/6
   255 | D:1      | Reached XP level 2. HP: 15/15 MP: 8/8
   258 | D:1      | Learned a level 2 spell: Call Imp
   700 | D:1      | Reached skill level 5 in Summonings
   700 | D:1      | Reached XP level 3. HP: 19/19 MP: 5/10
  1186 | D:1      | Learned a level 3 spell: Call Canine Familiar
  1190 | D:1      | Learned a level 3 spell: Summon Guardian Golem
  1227 | D:2      | Found a snail-covered altar of Cheibriados.
  1463 | D:2      | Reached XP level 4. HP: 24/24 MP: 1/12
  2191 | D:3      | Noticed Grinder
  2200 | D:3      | Killed Grinder
  2201 | D:3      | Reached skill level 5 in Spellcasting
  2201 | D:3      | Reached skill level 6 in Summonings
  2201 | D:3      | Reached XP level 5. HP: 28/28 MP: 8/14
  2201 | D:3      | Reached XP level 6. HP: 32/32 MP: 8/15
  2785 | D:3      | Learned a level 4 spell: Summon Lightning Spire
  3392 | D:4      | Reached skill level 7 in Summonings
  3395 | D:4      | Reached skill level 1 in Air Magic
  3526 | D:4      | Reached XP level 7. HP: 22/36 MP: 11/17
  3528 | D:4      | Reached skill level 5 in Dodging
  3785 | D:5      | Entered Level 5 of the Dungeon
  3964 | D:5      | Found a white marble altar of Elyvilon.
  4193 | D:5      | Reached skill level 8 in Summonings
  4205 | D:5      | Reached XP level 8. HP: 37/41 MP: 13/19
  4276 | D:5      | Noticed Eustachio
  4293 | D:5      | Killed Eustachio
  4688 | D:6      | Identified the "Cagaimul"
  4716 | D:6      | Found a sand-covered staircase.
  4729 | Ossuary  | Entered an ossuary
  4999 | Ossuary  | Reached skill level 5 in Stealth
  4999 | Ossuary  | Reached XP level 9. HP: 42/45 MP: 17/23
  5296 | D:6      | Found Zin's Purification Station.
  5298 | D:6      | Found a glowing silver altar of Zin.
  5443 | D:6      | Reached skill level 9 in Summonings
  5657 | D:6      | Found a staircase to the Ecumenical Temple.
  5668 | Temple   | Entered the Ecumenical Temple
  5727 | Temple   | Became a worshipper of Gozag Ym Sagoz the Greedy
  5866 | D:6      | Reached skill level 1 in Necromancy
  6291 | D:7      | Noticed a cyclops
  6305 | D:7      | Killed a cyclops
  6391 | D:7      | Found a sparkling altar of Nemelex Xobeh.
  6441 | D:7      | Found a blossoming altar of Fedhas.
  6817 | D:7      | Found a shimmering altar of Xom.
  6874 | D:7      | Found an iron altar of Okawaru.
  6957 | D:7      | Reached XP level 10. HP: 50/50 MP: 16/25
  7204 | D:8      | Noticed Joseph
  7215 | D:8      | Killed Joseph
  7656 | D:8      | Reached skill level 10 in Spellcasting
  7656 | D:8      | Reached skill level 10 in Summonings
  7664 | D:8      | Learned a level 7 spell: Haunt
  8017 | D:9      | Found Yscheveis's Antique Weapon Boutique.
  8145 | D:9      | Reached skill level 5 in Necromancy
  8581 | D:9      | Found a staircase to the Lair.
  8840 | D:10     | Entered Level 10 of the Dungeon
  8849 | D:10     | Found a radiant altar of Vehumet.
  8868 | D:10     | Noticed Sonja
  8870 | D:10     | Killed Sonja
  8871 | D:10     | Reached skill level 10 in Dodging
  9207 | D:10     | Reached skill level 1 in Shields
  9213 | D:10     | Reached skill level 11 in Summonings
  9262 | D:10     | Found a glowing golden altar of the Shining One.
  9281 | D:10     | Reached XP level 11. HP: 54/54 MP: 23/27
  9623 | D:10     | Found a staircase to the Orcish Mines.
  9912 | Lair:1   | Entered Level 1 of the Lair of Beasts
 10586 | Lair:1   | Found a sparkling altar of Nemelex Xobeh.
 10903 | Lair:1   | Reached skill level 10 in Stealth
 10909 | Lair:1   | Reached skill level 12 in Summonings
 11073 | Lair:1   | Reached skill level 5 in Shields
 11379 | Lair:2   | Noticed a seven-headed hydra
 11388 | Lair:2   | Killed a seven-headed hydra
 11634 | Lair:2   | Reached XP level 12. HP: 59/59 MP: 20/28
 11930 | Lair:2   | Found a staircase to the Swamp.
 11961 | Lair:2   | Identified the +5 war axe of Byahan {flame, rF- rC+ rN+
                  | Int+2}
 12018 | Lair:2   | Identified the +3 short sword "Ginir" {heavy, rN+}
 12846 | Lair:3   | Reached skill level 5 in Air Magic
 12851 | Lair:3   | Noticed Rupert
 12900 | Lair:3   | Killed Rupert
 13844 | Lair:3   | Found a staircase to the Snake Pit.
 14490 | Lair:4   | Noticed a seven-headed hydra
 14498 | Lair:4   | HP: 2/59 [seven-headed hydra (6)]
 14498 | Lair:4   | Slain by a seven-headed hydra

Illustrated notes

Levels and vault maps discovered:
D:1:      spicycebolla_arrival_risky_transporter, layout_basic,
          chequers_serial_rivers_room_a
D:2:      layout_rooms, basic_altar, minmay_close_crescents
D:3:      layout_loops_ring, st_stairs_9, grunt_decor_resistance, uniq_grinder
D:4:      layout_loops_cross
D:5:      layout_loops_ring, elyvilon_altar_3, uniq_eustachio
D:6:      layout_basic, zin_purify, minmay_temple_entry_offerings,
          gup_ossuary_entry_pyramid
D:7:      minmay_spotlight, layout_cave_pools, mainiacjoe_overflow_alcove_1,
          nicolae_overflow_crystal_walls, mainiacjoe_overflow_chevrons,
          xom_butterflies
D:8:      layout_loops_ring, uniq_joseph
D:9:      layout_long_grid, lair_entry_dummy, serial_shops, shop
D:10:     cheibrodos_steamvent, layout_long_grid, nicolae_vehumet_altar_sigil,
          mainiacjoe_overflow_alcove_4, kennysheep_orc_monster_closet_entryway,
          chequers_arboretum, uniq_sonja
Temple:   nicolae_temple_great_sept
Lair:1:   layout_cave_pods, basic_altar
Lair:2:   layout_layer_cave, skrybe_swamp_entry_bodies
Lair:3:   layout_cave_pods, nicolae_snake_entry_warm_welcome,
          portal_ice_cave_entry_ice_simulacra, uniq_rupert
Lair:4:   layout_layer_cave, minivault_27

Skill      XL: |  1  2  3  4  5  6  7  8  9 10 11 12 |
---------------+-------------------------------------+-----
Dodging        | 3 4 5 7 8 10 | 10.0
Summonings     | 5 6 7 8 9 11 12 | 12.9
Spellcasting   | 4 5 6 8 9 10 | 10.0
Air Magic      | 1 2 3 4 5 |  5.0
Stealth        | 5 7 9 10 | 10.0
Necromancy     | 3 5 7 8 |  8.8
Shields        | 1 5 7 |  7.7

Action                     |  1- 3 |  4- 6 |  7- 9 | 10-12 || total
---------------------------+-------+-------+-------+-------++-------
  Melee: Dagger            |    22 |    10 |    19 |    35 ||    86
         Punch             |     1 |       |       |       ||     1
         Short sword       |       |       |       |    73 ||    73
  Throw: Dart              |       |       |       |     5 ||     5
   Cast: Summon Small Mamm |    44 |    12 |       |       ||    56
         Call Imp          |    13 |    15 |    35 |    26 ||    89
         Call Canine Famil |     1 |    14 |    42 |    32 ||    89
         Summon Guardian G |       |       |     4 |     2 ||     6
         Summon Lightning  |       |       |    11 |    68 ||    79
    Use: Scroll            |       |     8 |     7 |    10 ||    25
         Potion            |       |       |       |     1 ||     1
   Stab: Sleeping          |       |     1 |     1 |     9 ||    11
         Distracted        |       |       |       |     2 ||     2
 Armour: Leather armour    |    12 |     7 |    18 |    97 ||   134
  Dodge: Dodged            |    13 |     5 |    38 |   206 ||   262
  Block: Buckler           |       |       |       |    79 ||    79

Table legend: (Time is in decaauts)
 A = Elapsed time spent in this place.
 B = Non-inter-level travel time spent in this place.
 C = Inter-level travel time spent in this place.
 D = Time resting spent in this place.
 E = Time spent auto-exploring this place.
 F = Levels seen in this place.
 G = Mean time per level.
                   A        B        C        D        E       F      G
               +--------+--------+--------+--------+--------+-----+--------+
         Total |  14524 |  14499 |     25 |   2081 |   4936 |  16 |  907.8 |
       Dungeon |   9426 |   9401 |     25 |   1117 |   3174 |  10 |  942.6 |
        Temple |     74 |     74 |      0 |      0 |      0 |   1 |   74.0 |
          Lair |   4589 |   4589 |      0 |    964 |   1662 |   4 | 1147.2 |
       Ossuary |    433 |    433 |      0 |      0 |    100 |   1 |  433.0 |
               +--------+--------+--------+--------+--------+-----+--------+

Top non-repeatable levels by time:
  Lair:3: 1652 daAuts
  Lair:2: 1469 daAuts
  Lair:1: 1460 daAuts
     D:1: 1188 daAuts
     D:6: 1074 daAuts
    D:10: 1050 daAuts
     D:8: 957 daAuts
     D:4: 918 daAuts
     D:5: 901 daAuts
     D:9: 839 daAuts
     D:7: 832 daAuts
     D:2: 832 daAuts
     D:3: 832 daAuts
 Ossuary: 433 daAuts
  Temple: 74 daAuts
